 Dungeon Crawl Stone Soup version 0.29-a0-409-gd843f3a48c (webtiles) character file.

Game seed: 3666223373959572495

83 Pelinal the Digger (level 4, -5/24 HPs)
             Began as a Deep Elf Earth Elementalist on May 14, 2022.
             Slain by an orc
             ... wielding a +0 mace
              (6 damage)
             ... on level 3 of the Dungeon.
             The game lasted 00:04:43 (2242 turns).

Pelinal the Digger (Deep Elf Earth Elementalist)    Turns: 2242, Time: 00:04:44

Health: -5/24      AC:  5    Str:  5    XL:     4   Next: 22%
Magic:  5/11       EV: 13    Int: 22    God:
Gold:   115        SH:  0    Dex: 15    Spells: 3/9 levels left

rFire   . . .      SeeInvis .   n - +0 quarterstaff
rCold   . . .      Faith    .   (shield currently unavailable)
rNeg    . . .      Spirit   .   b - +0 robe
rPois   .          Reflect  .   (no helmet)
rElec   .          Harm     .   l - +1 cloak
rCorr   .          Rampage  .   m - +0 pair of gloves
Will    .....                   (no boots)
Stlth   ++........              (no amulet)
HPRegen 0.08/turn               j - ring of wizardry
MPRegen 0.12/turn               (no ring)

@: no status effects
A: no striking features
a: no special abilities


You were on level 3 of the Dungeon.
You visited 1 branch of the dungeon, and saw 3 of its levels.

You collected 115 gold pieces.

Inventory:

Hand Weapons
 h - a +0 dagger
 n - a +0 quarterstaff (weapon)
Missiles
 a - 86 stones
Armour
 b - a +0 robe (worn)
 l - a +1 cloak (worn)
 m - a +0 pair of gloves (worn)
Jewellery
 i - a +4 ring of slaying
 j - a ring of wizardry (left hand)
Scrolls
 d - a scroll of immolation {unknown}
 e - a scroll of magic mapping {unknown}
 f - a scroll of teleportation {unknown}
 g - 2 scrolls of poison {unknown}
 p - a scroll of torment {unknown}
 q - a scroll of blinking {unknown}
Potions
 k - 2 potions of brilliance {unknown}
 o - a potion of flight {unknown}


   Skills:
 - Level 2.8 Dodging
 - Level 2.8 Stealth
 - Level 3.3 Spellcasting
 - Level 1.6 Transmutations
 + Level 4.9 Earth Magic


You had 3 spell levels left.
You knew the following spells:

 Your Spells              Type           Power      Damage    Failure   Level
a - Sandblast             Erth           50%        2d12      1%          1
b - Passwall              Tmut/Erth      15%        N/A       1%          2
c - Stone Arrow           Conj/Erth      28%        3d8       5%          3

Your spell library contained the following spells:

 Spells                   Type           Power      Damage    Failure   Level
 Petrify                  Tmut/Erth      18%        N/A       12%         4
 Malign Gateway           Summ/Tloc      1%         N/A       100%        7
 Summon Horrible Things   Summ           1%         N/A       100%        8


Dungeon Overview and Level Annotations

Branches:
Dungeon (3/15)

Altars:
Dithmenos
Beogh


Message History

The orc is moderately wounded.
The orc closely misses you.
Casting: Sandblast (safe; 1% risk of failure)
Confirm with . or Enter, or press ? or * to list all spells.
Aiming: Sandblast (safe; 1% risk of failure)
Press: ? - help, Shift-Dir - straight line, f/p - orc
Aim: an orc, wielding a +0 mace and wearing a +0 chain mail (moderately wounded, 86% to hit)
The blast of sand hits the orc but does no damage.
The orc is moderately wounded.
The orc hits you with a +0 mace.
Casting: Sandblast (safe; 1% risk of failure)
Confirm with . or Enter, or press ? or * to list all spells.
Okay, then.
Magic courses through your body. The orc hits you with a +0 mace.
* * * LOW HITPOINT WARNING * * *
Casting: Sandblast (safe; 1% risk of failure)
Confirm with . or Enter, or press ? or * to list all spells.
The spell is quite dangerous to miscast (5% risk of failure)!
Continue anyway? [Y]es or [N]o only, please.
The spell is quite dangerous to miscast (5% risk of failure)!
Continue anyway?
Okay, then.
Casting: Stone Arrow (quite dangerous; 5% risk of failure)
Confirm with . or Enter, or press ? or * to list all spells.
The spell is quite dangerous to miscast (5% risk of failure)!
Continue anyway?
Aiming: Stone Arrow (quite dangerous; 5% risk of failure)
Press: ? - help, Shift-Dir - straight line, f/p - orc
Aim: an orc, wielding a +0 mace and wearing a +0 chain mail (moderately wounded, 77% to hit)
The stone arrow hits the orc.
The orc is severely wounded.
The orc hits you with a +0 mace.
* * * LOW HITPOINT WARNING * * *
Unknown command.
Casting: Stone Arrow (quite dangerous; 5% risk of failure)
Confirm with . or Enter, or press ? or * to list all spells.
The spell is quite dangerous to miscast (5% risk of failure)!
Continue anyway?
Aiming: Stone Arrow (quite dangerous; 5% risk of failure)
Press: ? - help, Shift-Dir - straight line, f/p - orc
Aim: an orc, wielding a +0 mace and wearing a +0 chain mail (severely wounded, 77% to hit)
The stone arrow misses the orc.
The orc hits you with a +0 mace.
You die...

#.................
#.##.#..........+.
#.##.####.#####.##
#.##.####.# #.##
#.##....#.# #..#
#.#####.#.# #..#
#.#####.#.# ##.#
#....##.#.# .#
#@##.##.#.# ..
#o##.##.#.#
#.##....#..
#.####### ##
#.......# ...
#######.# #.# .#
.# .#.


You could see an orc.

Vanquished Creatures
  2 adders
  A dart slug (D:2)
  6 orcs (D:2)
  5 ball pythons
  8 endoplasms
  2 giant cockroaches
  4 goblins
  2 hobgoblins
  A kobold (D:1)
  4 quokkas
  5 bats
  6 frilled lizards
  8 rats
54 creatures vanquished.

Notes
Turn   | Place    | Note
-------+----------+-------------------------------------------
     0 | D:1      | Pelinal the Deep Elf Earth Elementalist began the quest for
                  | the Orb.
     0 | D:1      | Reached XP level 1. HP: 10/10 MP: 6/6
   372 | D:1      | Reached XP level 2. HP: 15/15 MP: 4/8
  1215 | D:2      | Reached XP level 3. HP: 19/19 MP: 5/9
  1219 | D:2      | Learned a level 2 spell: Passwall
  1348 | D:2      | Learned a level 3 spell: Stone Arrow
  1356 | D:2      | Reached skill level 4 in Earth Magic
  1755 | D:2      | Found a faded altar of an unknown god.
  1850 | D:2      | Reached XP level 4. HP: 24/24 MP: 6/11
  2165 | D:3      | Found a shadowy altar of Dithmenos.
  2241 | D:3      | HP: 1/24 [orc/+0 mace (5)]
  2242 | D:3      | Slain by an orc

Illustrated notes

Levels and vault maps discovered:
D:1:      lightli_arrival_chessboard, layout_basic
D:2:      layout_loops_ring, hellmonk_ecumenical_altar_defaced_shrine,
          minmay_randomly_rotated_circles
D:3:      layout_basic, grunt_dithmenos_smoke, serial_co_window_serial,
          co_window_paths_a, co_window_cross_1, co_window_of_opportunity_a,
          co_window_of_opportunity_a, co_window_paths_a, co_window_2corner,
          co_window_corner_b, co_window_2corner, co_window_cross_3,
          co_window_4corner_b, co_window_4corner_a, glass_columns_c,
          glass_columns_a, glass_columns_a

Skill      XL: |  1  2  3 |
---------------+----------+-----
Earth Magic    | 4 |  4.9
Dodging        | |  2.8
Stealth        | |  2.8
Spellcasting   | |  3.3
Transmutations | |  1.6

Action                   |  1- 3 |  4- 6 || total
-------------------------+-------+-------++-------
Melee: Club              |     1 |       ||     1
       Quarterstaff      |       |     4 ||     4
 Cast: Sandblast         |    62 |    17 ||    79
       Stone Arrow       |       |     2 ||     2
  Use: Potion            |       |     1 ||     1
Armor: Robe              |     2 |     6 ||     8
Dodge: Dodged            |    10 |     8 ||    18

Table legend: (Time is in decaauts)
 A = Elapsed time spent in this place.
 B = Non-inter-level travel time spent in this place.
 C = Inter-level travel time spent in this place.
 D = Time resting spent in this place.
 E = Time spent auto-exploring this place.
 F = Levels seen in this place.
 G = Mean time per level.
                   A        B        C        D        E       F      G
               +--------+--------+--------+--------+--------+-----+--------+
         Total |   2241 |   2215 |     26 |    129 |   1680 |   3 |  747.0 |
       Dungeon |   2241 |   2215 |     26 |    129 |   1680 |   3 |  747.0 |
               +--------+--------+--------+--------+--------+-----+--------+

Top non-repeatable levels by time:
     D:1: 1177 daAuts
     D:2: 893 daAuts
     D:3: 170 daAuts
